[Event "FIDE WSTC Open 50 2025"]
[Site "Prague"]
[Date "2025.02.17"]
[Round "1.1"]
[White "Jhunjhnuwala, Krishan"]
[Black "Kaidanov, Gregory"]
[Result "1/2-1/2"]
[Annotator "ChessBase"]
[ECO "B24"]
[WhiteElo "2207"]
[BlackElo "2513"]
[PlyCount "130"]
[EventDate "2025.02.17"]
[EventType "team-tourn"]
[EventCountry "CZE"]
[SourceTitle "playchess.com"]
[Source "ChessBase"]
[SourceQuality "1"]
[TimeControl "40/5400+30:1800+30"]

1. e4 c5 2. Nc3 Nc6 3. Bb5 Nd4 4. Nf3 a6 5. Bd3 g6 6. Nxd4 cxd4 7. Ne2 Bg7 8. c3 dxc3 9. dxc3 Nf6 10. O-O O-O 11. h3 d6 12. Be3 Nd7 13. f4 b6 14. Bc2 Bb7 15. Bd4 e5 16. fxe5 dxe5 17. Be3 Rc8 18. Qd6 Rc6 19. Qd2 Nc5 20. Rad1 Qc7 21. b4 Ne6 22. Qd7 Nd4 23. Qxc7 Nxe2+ 24. Kf2 Rxc7 25. Kxe2 Rxc3 26. Bb3 Bxe4 27. Rd7 Bc6 28. Rdxf7 Bb5+ 29. Kd2 Bxf1 30. Rxf8+ Kxf8 31. Kxc3 Bxg2 32. Be6 Ke7 33. Bc8 Kd8 34. Bxa6 Kc7 35. h4 Bc6 36. Be2 Be8 37. a3 b5 38. Kd3 Bf7 39. Bf3 Bc4+ 40. Ke4 Kc6 41. Bd1 Bd5+ 42. Kd3 e4+ 43. Kd2 Bf6 44. Bf2 Bc4 45. a4 bxa4 46. Bxa4+ Kd5 47. Be8 Bd3 48. b5 Be5 49. Bc6+ Kd6 50. Ke3 Bb2 51. Bxe4 Bxb5 52. h5 gxh5 53. Bxh7 Be8 54. Kf4 Ke6 55. Bf5+ Kf6 56. Bh4+ Kg7 57. Kg3 Bc3 58. Bg5 Be1+ 59. Kh3 Bb5 60. Kg2 Bc6+ 61. Kh3 Bf3 62. Kh2 Bf2 63. Kh3 Be1 64. Kh2 Bf2 65. Kh3 Be1 1/2-1/2

[Event "FIDE WSTC Open 50 2025"]
[Site "Prague"]
[Date "2025.02.17"]
[Round "1.2"]
[White "Shabalov, Alexander"]
[Black "Jhunjhnuwala, Ramesh"]
[Result "1-0"]
[Annotator "ChessBase"]
[ECO "B20"]
[WhiteElo "2471"]
[BlackElo "2014"]
[PlyCount "71"]
[EventDate "2025.02.17"]
[EventType "team-tourn"]
[EventCountry "CZE"]
[SourceTitle "playchess.com"]
[Source "ChessBase"]
[SourceQuality "1"]
[TimeControl "40/5400+30:1800+30"]

1. e4 c5 2. a4 Nc6 3. Bb5 g6 4. f4 Bg7 5. Nf3 e6 6. Bxc6 bxc6 7. e5 Ba6 8. d3 d5 9. exd6 Qxd6 10. Nc3 Nf6 11. O-O c4 12. d4 O-O 13. Qe2 c5 14. dxc5 Qxc5+ 15. Be3 Qb4 16. Bd4 Rfd8 17. Rfd1 Rd7 18. Ne5 Rxd4 19. Rxd4 Qxb2 20. Qe1 Nd5 21. Rad1 Bxe5 22. Qxe5 Qxc3 23. Rxd5 Qxe5 24. Rd8+ Rxd8 25. Rxd8+ Kg7 26. fxe5 Bb7 27. Rd7 Be4 28. Rxa7 Bxc2 29. a5 Be4 30. Rc7 Bd5 31. a6 g5 32. a7 Kg6 33. g4 h5 34. gxh5+ Kxh5 35. Rxc4 Kg6 36. Rc8 1-0

[Event "FIDE WSTC Open 50 2025"]
[Site "Prague"]
[Date "2025.02.17"]
[Round "1.3"]
[White "Jhunjhnuwala, Suresh"]
[Black "Novikov, Igor"]
[Result "0-1"]
[Annotator "ChessBase"]
[ECO "B23"]
[WhiteElo "1917"]
[BlackElo "2490"]
[PlyCount "70"]
[EventDate "2025.02.17"]
[EventType "team-tourn"]
[EventCountry "CZE"]
[SourceTitle "playchess.com"]
[Source "ChessBase"]
[SourceQuality "1"]
[TimeControl "40/5400+30:1800+30"]

1. e4 c5 2. Nc3 d6 3. Bc4 Nf6 4. d3 g6 5. f4 Nc6 6. Nf3 Bg7 7. O-O O-O 8. Qe1 e6 9. f5 exf5 10. Qh4 Nd4 11. Bh6 Bxh6 12. Qxh6 Ng4 13. Qd2 Nxf3+ 14. Rxf3 fxe4 15. Rf4 e3 16. Qe2 Ne5 17. Bd5 Be6 18. Qxe3 Qe7 19. Raf1 f5 20. d4 cxd4 21. Rxd4 Rad8 22. Rfd1 a6 23. Bxe6+ Qxe6 24. Rd5 Rfe8 25. h3 Nc4 26. Qd4 Qe3+ 27. Kh1 Nxb2 28. Rb1 Qg3 29. Qf6 b5 30. Nxb5 axb5 31. Qxb2 Re2 32. Rg1 Rc8 33. Qxb5 Rcxc2 34. Qb8+ Kg7 35. Rxd6 Qxh3+ 0-1

[Event "FIDE WSTC Open 50 2025"]
[Site "Prague"]
[Date "2025.02.17"]
[Round "1.4"]
[White "Rachels, Stuart"]
[Black "Jhunjhnuwala, Naresh"]
[Result "1-0"]
[Annotator "ChessBase"]
[ECO "C05"]
[WhiteElo "2466"]
[BlackElo "1965"]
[PlyCount "89"]
[EventDate "2025.02.17"]
[EventType "team-tourn"]
[EventCountry "CZE"]
[SourceTitle "playchess.com"]
[Source "ChessBase"]
[SourceQuality "1"]
[TimeControl "40/5400+30:1800+30"]

1. e4 e6 2. d4 d5 3. Nd2 Nf6 4. e5 Nfd7 5. c3 c5 6. Bd3 Nc6 7. Ne2 Qb6 8. Nf3 Be7 9. O-O cxd4 10. cxd4 f5 11. Nf4 Nf8 12. a3 Bd7 13. Bc2 Ng6 14. Nh5 O-O 15. g3 Nh8 16. h4 g6 17. Nf4 Nf7 18. Rb1 Kg7 19. b4 Rac8 20. Re1 Nh6 21. Ng5 Bxg5 22. hxg5 Ng4 23. Bb2 h6 24. gxh6+ Nxh6 25. Kg2 Rh8 26. f3 Rh7 27. Qd2 Rch8 28. Rh1 Qd8 29. Rh3 Nf7 30. Rbh1 Rxh3 31. Rxh3 Rxh3 32. Nxh3 b6 33. Bd3 Qh8 34. Be2 Qh6 35. Qc3 g5 36. Bc1 Qh5 37. b5 Na5 38. Qc7 Nb3 39. Be3 f4 40. gxf4 gxf4 41. Nxf4 Qg5+ 42. Kf1 Qd8 43. Qc2 Na5 44. Qg6+ Kf8 45. Bd2 1-0

[Event "FIDE WSTC Open 50 2025"]
[Site "Prague"]
[Date "2025.02.17"]
[Round "1.5"]
[White "Conquest, Stuart C"]
[Black "Horak, Jiri"]
[Result "1-0"]
[Annotator "ChessBase"]
[ECO "D35"]
[WhiteElo "2513"]
[BlackElo "2092"]
[PlyCount "81"]
[EventDate "2025.02.17"]
[EventType "team-tourn"]
[EventCountry "CZE"]
[SourceTitle "playchess.com"]
[Source "ChessBase"]
[SourceQuality "1"]
[TimeControl "40/5400+30:1800+30"]

1. c4 e6 2. Nc3 d5 3. d4 Nf6 4. Nf3 Nbd7 5. cxd5 exd5 6. Bf4 c6 7. Qc2 Be7 8. h3 Qa5 9. e3 Ne4 10. Bd3 Ndf6 11. O-O Nxc3 12. bxc3 O-O 13. Rab1 a6 14. Ne5 Ra7 15. c4 dxc4 16. Nxc4 Qd8 17. e4 Be6 18. Rfd1 Bxc4 19. Qxc4 Qd7 20. Qc2 g6 21. Qb2 b5 22. Rbc1 Rd8 23. Bc2 Raa8 24. Bb1 Rac8 25. Rd2 Ne8 26. Rcd1 Nc7 27. Be3 Bf6 28. Qa3 Ne6 29. d5 cxd5 30. exd5 Nc7 31. Be4 Be5 32. d6 Ne8 33. Bb6 Bxd6 34. Qxa6 Qe6 35. Bd5 Qe5 36. g3 Nc7 37. Qb7 Rb8 38. Qc6 Qe8 39. Bxf7+ Kxf7 40. Qf3+ Ke7 41. Bxc7 1-0

[Event "FIDE WSTC Open 50 2025"]
[Site "Prague"]
[Date "2025.02.17"]
[Round "1.6"]
[White "Mazanek, Kamil"]
[Black "Wells, Peter K"]
[Result "0-1"]
[Annotator "ChessBase"]
[ECO "B22"]
[WhiteElo "2099"]
[BlackElo "2358"]
[PlyCount "88"]
[EventDate "2025.02.17"]
[EventType "team-tourn"]
[EventCountry "CZE"]
[SourceTitle "playchess.com"]
[Source "ChessBase"]
[SourceQuality "1"]
[TimeControl "40/5400+30:1800+30"]

1. e4 c5 2. c3 Nf6 3. e5 Nd5 4. d4 cxd4 5. Nf3 d6 6. cxd4 dxe5 7. dxe5 Nc6 8. Bc4 Ndb4 9. Qxd8+ Nxd8 10. Na3 a6 11. Bd2 e6 12. O-O Ndc6 13. Rfd1 Bd7 14. Be3 b5 15. Bb3 Na5 16. Rac1 Nxb3 17. axb3 Nd5 18. Bc5 Bxc5 19. Rxc5 Ke7 20. Nd4 Rhc8 21. Rdc1 Rxc5 22. Rxc5 Nf4 23. Nac2 Nd3 24. Rc7 Kd8 25. Rc3 Nxe5 26. f4 Ng6 27. g3 Ne7 28. Nb4 a5 29. Nd3 Nd5 30. Rc5 Rc8 31. Rxc8+ Kxc8 32. Ne5 Be8 33. Kf2 Kc7 34. Ke2 Kd6 35. Kd3 f6 36. Nef3 Nb4+ 37. Kc3 Kd5 38. Nd2 e5 39. Nf5 Na2+ 40. Kd3 Bg6 41. g4 exf4 42. Ke2 Bxf5 43. gxf5 Ke5 44. Nf3+ Ke4 0-1

[Event "FIDE WSTC Open 50 2025"]
[Site "Prague"]
[Date "2025.02.17"]
[Round "1.7"]
[White "Hebden, Mark L"]
[Black "Nudcenko, Karel"]
[Result "1-0"]
[Annotator "ChessBase"]
[ECO "A45"]
[WhiteElo "2363"]
[BlackElo "1990"]
[PlyCount "79"]
[EventDate "2025.02.17"]
[EventType "team-tourn"]
[EventCountry "CZE"]
[SourceTitle "playchess.com"]
[Source "ChessBase"]
[SourceQuality "1"]
[TimeControl "40/5400+30:1800+30"]

1. d4 Nf6 2. Bg5 d5 3. e3 Nbd7 4. Nf3 e6 5. Nbd2 Be7 6. Bd3 c5 7. c3 b6 8. Ne5 Nxe5 9. dxe5 Nd7 10. Bxe7 Qxe7 11. f4 Bb7 12. Qe2 f6 13. exf6 gxf6 14. e4 O-O-O 15. exd5 Bxd5 16. O-O-O Rhg8 17. Be4 Nf8 18. Bxd5 Rxd5 19. Nc4 Rg7 20. g3 Qd8 21. Ne3 Rxd1+ 22. Rxd1 Rd7 23. Re1 Rd6 24. Qh5 Qd7 25. Qh4 Qd8 26. f5 exf5 27. Nxf5 Rd7 28. Qe4 Kb8 29. Ne7 Kc7 30. Qc6+ Kb8 31. Qxf6 Kb7 32. Qc6+ Ka6 33. Qe4 Rd6 34. a4 Ng6 35. Nxg6 hxg6 36. h4 Qf6 37. Qe2+ Kb7 38. Rf1 Qg7 39. Qe4+ Kc7 40. Qa8 1-0

[Event "FIDE WSTC Open 50 2025"]
[Site "Prague"]
[Date "2025.02.17"]
[Round "1.8"]
[White "Koblasa, Josef"]
[Black "Emms, John M"]
[Result "0-1"]
[Annotator "ChessBase"]
[ECO "A13"]
[WhiteElo "1906"]
[BlackElo "2409"]
[PlyCount "74"]
[EventDate "2025.02.17"]
[EventType "team-tourn"]
[EventCountry "CZE"]
[SourceTitle "playchess.com"]
[Source "ChessBase"]
[SourceQuality "1"]
[TimeControl "40/5400+30:1800+30"]

1. c4 e6 2. Nc3 d5 3. e3 Nf6 4. d4 a6 5. a3 dxc4 6. Bxc4 c5 7. dxc5 Qxd1+ 8. Nxd1 Bxc5 9. b4 Bd6 10. Nf3 b5 11. Bb3 Bb7 12. Bb2 Nbd7 13. O-O Ke7 14. Re1 Rac8 15. Rc1 Rxc1 16. Bxc1 Bxf3 17. gxf3 Ne5 18. Kg2 Nd3 19. Bd2 Nxe1+ 20. Bxe1 Rc8 21. Bc3 Nd5 22. Bb2 g5 23. h3 f6 24. Kf1 Be5 25. Bxe5 fxe5 26. Ke1 Nc3 27. Nb2 e4 28. fxe4 Nxe4 29. a4 Rc1+ 30. Nd1 bxa4 31. Bxa4 Rc4 32. f3 Rxb4 33. Bc2 Nf6 34. Bd3 a5 35. Nc3 Nd5 36. Nd1 a4 37. e4 a3 0-1

[Event "FIDE WSTC Open 50 2025"]
[Site "Prague"]
[Date "2025.02.17"]
[Round "1.9"]
[White "Lauterbach, Ingrid"]
[Black "Hjartarson, Johann"]
[Result "0-1"]
[Annotator "ChessBase"]
[ECO "B40"]
[WhiteElo "2003"]
[BlackElo "2464"]
[PlyCount "78"]
[EventDate "2025.02.17"]
[EventType "team-tourn"]
[EventCountry "CZE"]
[SourceTitle "playchess.com"]
[Source "ChessBase"]
[SourceQuality "1"]
[TimeControl "40/5400+30:1800+30"]

1. e4 c5 2. Nf3 e6 3. g3 Nc6 4. Bg2 Nf6 5. d3 d5 6. Nbd2 Be7 7. O-O b6 8. Re1 Bb7 9. c3 h6 10. Qc2 O-O 11. exd5 Nxd5 12. Nf1 Qc7 13. Ne3 Nf6 14. Nc4 Rad8 15. Bf4 Qc8 16. h3 b5 17. Nce5 Qa8 18. Nxc6 Bxc6 19. Qe2 Rfe8 20. Red1 Bf8 21. Ne1 e5 22. Bxc6 Qxc6 23. Be3 a6 24. Qf3 Qe6 25. Kh2 Rd7 26. a4 Red8 27. axb5 axb5 28. Qe2 Nd5 29. Bd2 Nc7 30. Be3 Qd5 31. f3 Ne6 32. Kg2 h5 33. Bf2 h4 34. Qe4 c4 35. Qxh4 cxd3 36. Rxd3 Qb3 37. Rxd7 Rxd7 38. Qe4 Rd2 39. Nd3 Qc2 0-1

[Event "FIDE WSTC Open 50 2025"]
[Site "Prague"]
[Date "2025.02.17"]
[Round "1.10"]
[White "Petursson, Margeir"]
[Black "Jackson, Sheila"]
[Result "1-0"]
[Annotator "ChessBase"]
[ECO "A11"]
[WhiteElo "2403"]
[BlackElo "2009"]
[PlyCount "85"]
[EventDate "2025.02.17"]
[EventType "team-tourn"]
[EventCountry "CZE"]
[SourceTitle "playchess.com"]
[Source "ChessBase"]
[SourceQuality "1"]
[TimeControl "40/5400+30:1800+30"]

1. c4 c6 2. Nf3 Nf6 3. Nc3 d5 4. e3 e6 5. b3 Bd6 6. Bb2 O-O 7. Be2 Qe7 8. O-O Nbd7 9. Qc2 a6 10. d4 e5 11. dxe5 Nxe5 12. cxd5 cxd5 13. Rad1 Be6 14. Nd4 g6 15. Qd2 Rad8 16. Nxe6 fxe6 17. Qd4 Nc6 18. Qa4 Rc8 19. a3 Nd7 20. Qg4 Rf5 21. Qh3 Rf7 22. Bg4 Re8 23. Rxd5 Nf6 24. Rdd1 Ne5 25. Be2 Bxa3 26. Ba1 Ned7 27. Bd3 Nc5 28. Bc2 Ncd7 29. Ne2 Bd6 30. Nd4 Ne5 31. b4 b5 32. Rb1 Nc4 33. Bb3 Nd5 34. Rfd1 Nxb4 35. Qg4 Bc5 36. h4 Qf6 37. Nf3 Qf5 38. Qg3 Nd5 39. Rbc1 Bxe3 40. fxe3 Ncxe3 41. Re1 Ref8 42. Qe5 Qxe5 43. Nxe5 1-0

[Event "FIDE WSTC Open 50 2025"]
[Site "Prague"]
[Date "2025.02.17"]
[Round "1.11"]
[White "Fink-Nunn, Petra"]
[Black "Thorhallsson, Throstur"]
[Result "1/2-1/2"]
[Annotator "ChessBase"]
[ECO "B57"]
[WhiteElo "2003"]
[BlackElo "2394"]
[PlyCount "77"]
[EventDate "2025.02.17"]
[EventType "team-tourn"]
[EventCountry "CZE"]
[SourceTitle "playchess.com"]
[Source "ChessBase"]
[SourceQuality "1"]
[TimeControl "40/5400+30:1800+30"]

1. e4 c5 2. Nf3 Nc6 3. d4 cxd4 4. Nxd4 Nf6 5. Nc3 d6 6. Bc4 Qb6 7. Nxc6 bxc6 8. b3 g6 9. O-O Bg7 10. Na4 Qc7 11. Bb2 O-O 12. Re1 e5 13. Bf1 Be6 14. c4 Rad8 15. Qd2 Nh5 16. Nc3 f5 17. Rad1 Rfe8 18. Ba3 Bf8 19. Qc2 Nf6 20. exf5 Bxf5 21. Qe2 Qa5 22. Qb2 d5 23. Bxf8 Kxf8 24. cxd5 cxd5 25. b4 Qb6 26. Na4 Qb8 27. f4 d4 28. Nc5 Kg7 29. fxe5 Rxe5 30. Rxe5 Qxe5 31. Qe2 Ng4 32. Qxe5+ Nxe5 33. Bd3 Nxd3 34. Nxd3 Kf6 35. Kf2 Bxd3 36. Rxd3 Ke5 37. Ke2 Ke4 38. Rh3 Rc8 39. Ke1 1/2-1/2

[Event "FIDE WSTC Open 50 2025"]
[Site "Prague"]
[Date "2025.02.17"]
[Round "1.12"]
[White "Arnason, Jon L"]
[Black "Frostick, Helen M"]
[Result "1-0"]
[Annotator "ChessBase"]
[ECO "B18"]
[WhiteElo "2405"]
[BlackElo "1880"]
[PlyCount "53"]
[EventDate "2025.02.17"]
[EventType "team-tourn"]
[EventCountry "CZE"]
[SourceTitle "playchess.com"]
[Source "ChessBase"]
[SourceQuality "1"]
[TimeControl "40/5400+30:1800+30"]

1. e4 c6 2. d4 d5 3. Nd2 dxe4 4. Nxe4 Bf5 5. Ng3 Bg6 6. h4 h6 7. Be3 e6 8. Bd3 Bxd3 9. Qxd3 Nd7 10. O-O-O Ngf6 11. N1e2 Qa5 12. Kb1 Rd8 13. c4 b5 14. Qc2 bxc4 15. Qxc4 Qb5 16. Rc1 Rb8 17. Rc2 Ba3 18. Qxb5 Rxb5 19. Ka1 Bb4 20. Rxc6 O-O 21. Rhc1 Nd5 22. Ne4 Nxe3 23. fxe3 Nb6 24. a3 Be7 25. g3 Nd5 26. N2c3 a5 27. Nxb5 1-0

[Event "FIDE WSTC Open 50 2025"]
[Site "Prague"]
[Date "2025.02.17"]
[Round "1.13"]
[White "David, Alberto"]
[Black "Perez Pastora, Evarist"]
[Result "1/2-1/2"]
[Annotator "ChessBase"]
[ECO "D31"]
[WhiteElo "2467"]
[BlackElo "2075"]
[PlyCount "138"]
[EventDate "2025.02.17"]
[EventType "team-tourn"]
[EventCountry "CZE"]
[SourceTitle "playchess.com"]
[Source "ChessBase"]
[SourceQuality "1"]
[TimeControl "40/5400+30:1800+30"]

1. d4 d5 2. c4 e6 3. Nc3 a6 4. cxd5 exd5 5. Bf4 Nf6 6. e3 Bd6 7. Bxd6 Qxd6 8. Bd3 O-O 9. Nge2 Re8 10. O-O Nbd7 11. Ng3 Nf8 12. Qd2 Ne6 13. Rad1 Bd7 14. Bc2 b5 15. Nce2 b4 16. f3 c5 17. Nf5 Qb6 18. dxc5 Nxc5 19. Ned4 g6 20. Ng3 Re7 21. Rfe1 Rae8 22. Qf2 a5 23. Bb1 a4 24. Rc1 Ne6 25. Nge2 Kg7 26. h3 Bb5 27. e4 Nxd4 28. Nxd4 Qb8 29. exd5 Rxe1+ 30. Rxe1 Rxe1+ 31. Qxe1 Nxd5 32. Be4 Qd6 33. Bxd5 Qxd5 34. Qxb4 Bd7 35. Qc3 Kg8 36. b3 h5 37. Qe3 a3 38. Kf2 Qc5 39. h4 Bc8 40. Kg3 Bd7 41. Kf2 Bc8 42. Kg3 Bd7 43. f4 Qc7 44. Nf3 Be6 45. b4 Bxa2 46. Qxa3 Bd5 47. Qa5 Qb7 48. Qd8+ Kg7 49. Qd6 Kg8 50. Qc5 Bc6 51. f5 Qb8+ 52. Kf2 Bxf3 53. Kxf3 Qa8+ 54. Kf2 Qe4 55. Qc8+ Kg7 56. Qc3+ Kg8 57. fxg6 Qxh4+ 58. Kg1 fxg6 59. b5 Qe4 60. Qc8+ Kh7 61. Qc7+ Kh6 62. Qc1+ Kh7 63. Qg5 Kg7 64. Kh2 Qd4 65. Qg3 Kh6 66. Qb3 Qh4+ 67. Kg1 Qe1+ 68. Kh2 Qh4+ 69. Kg1 Qe1+ 1/2-1/2

[Event "FIDE WSTC Open 50 2025"]
[Site "Prague"]
[Date "2025.02.17"]
[Round "1.14"]
[White "Gardela Batlle, Jordi"]
[Black "Bellini, Fabio"]
[Result "1/2-1/2"]
[Annotator "ChessBase"]
[ECO "D50"]
[WhiteElo "2035"]
[BlackElo "2408"]
[PlyCount "79"]
[EventDate "2025.02.17"]
[EventType "team-tourn"]
[EventCountry "CZE"]
[SourceTitle "playchess.com"]
[Source "ChessBase"]
[SourceQuality "1"]
[TimeControl "40/5400+30:1800+30"]

1. d4 d5 2. c4 e6 3. Nc3 Nf6 4. Bg5 dxc4 5. e3 c5 6. Bxc4 a6 7. Nf3 b5 8. Be2 Bb7 9. O-O Nbd7 10. Qb3 Rc8 11. a3 h6 12. Bh4 Qb6 13. Rfd1 cxd4 14. Rxd4 Bc5 15. Rd2 Be7 16. Qd1 Nc5 17. b4 Nce4 18. Nxe4 Nxe4 19. Rc2 Nc3 20. Qd2 Bxh4 21. Rxc3 Rxc3 22. Qxc3 Bf6 23. Nd4 O-O 24. Rd1 Rc8 25. Qe1 g6 26. h3 Kg7 27. Bf3 Bxf3 28. gxf3 Rc4 29. Nb3 Rc3 30. Nc5 Rxa3 31. Ne4 Be5 32. Kg2 Ra2 33. Rd7 Qc6 34. Qd1 g5 35. Qd3 Qc4 36. Rxf7+ Kxf7 37. Qd7+ Kg8 38. Qe8+ Kg7 39. Qe7+ Kg8 40. Qe8+ 1/2-1/2

[Event "FIDE WSTC Open 50 2025"]
[Site "Prague"]
[Date "2025.02.17"]
[Round "1.15"]
[White "Bellia, Fabrizio"]
[Black "Tornay Gomez, Josu"]
[Result "1-0"]
[Annotator "ChessBase"]
[ECO "C78"]
[WhiteElo "2393"]
[BlackElo "1995"]
[PlyCount "79"]
[EventDate "2025.02.17"]
[EventType "team-tourn"]
[EventCountry "CZE"]
[SourceTitle "playchess.com"]
[Source "ChessBase"]
[SourceQuality "1"]
[TimeControl "40/5400+30:1800+30"]

1. e4 e5 2. Nf3 Nc6 3. Bb5 a6 4. Ba4 Nf6 5. O-O Bc5 6. c3 b5 7. Bb3 d6 8. d4 Bb6 9. h3 O-O 10. Re1 Bb7 11. a4 h6 12. Be3 Nxe4 13. d5 Bxe3 14. Rxe3 Nxf2 15. Kxf2 Ne7 16. Kg1 Ng6 17. Nbd2 Nf4 18. Nf1 Qf6 19. N3h2 Rac8 20. axb5 axb5 21. Ra7 Ba8 22. Rg3 Qh4 23. Rg4 Qe7 24. Ne3 f5 25. Rg3 Qh4 26. Nhf1 Nh5 27. Rg6 Nf4 28. g3 Nxh3+ 29. Kh2 Qe4 30. Bc2 Nf2 31. Bxe4 Nxd1 32. Bxf5 Nxe3 33. Nxe3 Rce8 34. Rxc7 Rf7 35. Be6 Rxe6 36. Rc8+ Kh7 37. Rxe6 Rf2+ 38. Kg1 Re2 39. Rxa8 Rxe3 40. Kf2 1-0

[Event "FIDE WSTC Open 50 2025"]
[Site "Prague"]
[Date "2025.02.17"]
[Round "1.16"]
[White "Marin Aso, Jose Luis"]
[Black "D'Amore, Carlo"]
[Result "0-1"]
[Annotator "ChessBase"]
[ECO "B06"]
[WhiteElo "1948"]
[BlackElo "2362"]
[PlyCount "77"]
[EventDate "2025.02.17"]
[EventType "team-tourn"]
[EventCountry "CZE"]
[SourceTitle "playchess.com"]
[Source "ChessBase"]
[SourceQuality "1"]
[TimeControl "40/5400+30:1800+30"]

1. e4 g6 2. d4 Bg7 3. Nc3 d6 4. f4 a6 5. Nf3 b5 6. Bd3 Bb7 7. O-O Nd7 8. a4 c5 9. axb5 cxd4 10. Ne2 Qb6 11. Bd2 Ngf6 12. Ba5 Qa7 13. e5 Ng4 14. bxa6 Bxa6 15. Bd2 Qb6 16. Qc1 dxe5 17. fxe5 O-O 18. Ng3 Bxd3 19. cxd3 Rxa1 20. Qxa1 Ngxe5 21. Qa3 Nxf3+ 22. Rxf3 Ne5 23. Rf1 Qb7 24. Ra1 h5 25. Ne4 Qb5 26. Qxe7 Qxd3 27. Nf6+ Bxf6 28. Qxf6 Qxd2 29. Qxe5 Rc8 30. b3 Rc1+ 31. Rxc1 Qxc1+ 32. Kf2 d3 33. Qe8+ Kg7 34. Qe5+ Kh7 35. Qd5 Qd2+ 36. Kg3 Qe1+ 37. Kf3 Qe2+ 38. Kf4 Qf2+ 39. Qf3 0-1

[Event "FIDE WSTC Open 50 2025"]
[Site "Prague"]
[Date "2025.02.17"]
[Round "1.17"]
[White "Turebayeva, Alfiya"]
[Black "Kotsur, Pavel"]
[Result "0-1"]
[Annotator "ChessBase"]
[ECO "C77"]
[WhiteElo "2019"]
[BlackElo "2478"]
[PlyCount "168"]
[EventDate "2025.02.17"]
[EventType "team-tourn"]
[EventCountry "CZE"]
[SourceTitle "playchess.com"]
[Source "ChessBase"]
[SourceQuality "1"]
[TimeControl "40/5400+30:1800+30"]

1. e4 e5 2. Nf3 Nc6 3. Bb5 a6 4. Ba4 Nf6 5. d3 d6 6. c3 g6 7. O-O Bg7 8. Re1 O-O 9. Nbd2 Bd7 10. d4 Qe8 11. d5 Nb8 12. Bb3 h6 13. Nf1 a5 14. Ng3 Na6 15. Be3 Ng4 16. Bd2 f5 17. exf5 gxf5 18. h3 Nf6 19. Nh4 Nh7 20. Nh5 Qf7 21. Nxg7 Qxg7 22. Qh5 f4 23. Qg6 Rf7 24. Bc2 Ng5 25. b4 axb4 26. cxb4 f3 27. Bxg5 hxg5 28. Nxf3 Nxb4 29. Qxg7+ Rxg7 30. Bb3 Ba4 31. Re3 b6 32. Rd1 Nxa2 33. Ra1 Bxb3 34. Rxb3 Ra5 35. Nd2 Nb4 36. Rxa5 bxa5 37. Ne4 Nxd5 38. Rb5 Nf4 39. Rxa5 Kf7 40. Ra7 Ke6 41. f3 Nd5 42. Kf2 Nf6 43. Ke3 Nd5+ 44. Kf2 Nb6 45. Nc3 Kd7 46. Ra5 Rg8 47. Ne4 Ke6 48. Ra7 Nd5 49. Ra5 Nf6 50. Ra6 Nxe4+ 51. fxe4 Rf8+ 52. Ke3 Rb8 53. Ra7 Rb3+ 54. Ke2 Rc3 55. Ra8 g4 56. hxg4 Rg3 57. Re8+ Kf7 58. Rc8 Rxg2+ 59. Kd3 Rg3+ 60. Kd2 c5 61. Rc7+ Ke6 62. Rg7 c4 63. g5 c3+ 64. Kc2 Re3 65. Rg6+ Kd7 66. Rg7+ Kc6 67. g6 Kc5 68. Rd7 Rxe4 69. Kxc3 Rg4 70. g7 d5 71. Rc7+ Kd6 72. Ra7 Rg3+ 73. Kd2 Ke6 74. Ra6+ Kf5 75. Ra5 d4 76. Ra7 Kf6 77. Ra6+ Kxg7 78. Re6 Rg5 79. Kd3 Kf7 80. Ra6 Rg6 81. Ra5 Ke6 82. Kc4 Rg8 83. Ra6+ Kf5 84. Rd6 Ke4 0-1

[Event "FIDE WSTC Open 50 2025"]
[Site "Prague"]
[Date "2025.02.17"]
[Round "1.18"]
[White "Temirbayev, Serikbay"]
[Black "Bulanova, Irina"]
[Result "1-0"]
[Annotator "ChessBase"]
[ECO "D30"]
[WhiteElo "2372"]
[BlackElo "1937"]
[PlyCount "41"]
[EventDate "2025.02.17"]
[EventType "team-tourn"]
[EventCountry "CZE"]
[SourceTitle "playchess.com"]
[Source "ChessBase"]
[SourceQuality "1"]
[TimeControl "40/5400+30:1800+30"]

1. d4 d5 2. c4 e6 3. Nf3 c5 4. cxd5 exd5 5. g3 Nc6 6. Bg2 Nf6 7. O-O cxd4 8. Nxd4 Bc5 9. Nxc6 bxc6 10. Qc2 Bb6 11. Qxc6+ Bd7 12. Qd6 Bc7 13. Qa3 Bc6 14. Bg5 Bd6 15. Qe3+ Kf8 16. Nc3 h6 17. Bxf6 Qxf6 18. Rad1 g6 19. Bxd5 Bxd5 20. Rxd5 Rb8 21. Ne4 1-0

[Event "FIDE WSTC Open 50 2025"]
[Site "Prague"]
[Date "2025.02.17"]
[Round "1.19"]
[White "Son, Asya"]
[Black "Tikzhanov, Yerlan"]
[Result "0-1"]
[Annotator "ChessBase"]
[ECO "C03"]
[WhiteElo "2097"]
[BlackElo "2323"]
[PlyCount "64"]
[EventDate "2025.02.17"]
[EventType "team-tourn"]
[EventCountry "CZE"]
[SourceTitle "playchess.com"]
[Source "ChessBase"]
[SourceQuality "1"]
[TimeControl "40/5400+30:1800+30"]

1. e4 e6 2. d4 d5 3. Nd2 a6 4. Ngf3 c5 5. exd5 exd5 6. Bd3 c4 7. Be2 Nf6 8. O-O Bd6 9. c3 Nc6 10. b3 b5 11. a4 Bb7 12. Ba3 O-O 13. Bxd6 Qxd6 14. b4 Rae8 15. Re1 Ne4 16. Qc2 Re7 17. Nf1 Rfe8 18. Ng3 g6 19. Bf1 f5 20. axb5 axb5 21. Qc1 f4 22. Ne2 g5 23. g3 Rf8 24. g4 Bc8 25. h3 h5 26. gxh5 Qh6 27. Ra8 Qxh5 28. Ne5 Nxe5 29. dxe5 Bxh3 30. Rxf8+ Kxf8 31. Bxh3 Qxh3 32. Nd4 Rh7 0-1

[Event "FIDE WSTC Open 50 2025"]
[Site "Prague"]
[Date "2025.02.17"]
[Round "1.20"]
[White "Min, Valeriy"]
[Black "Gaichenya, Yelena"]
[Result "1-0"]
[Annotator "ChessBase"]
[ECO "A05"]
[WhiteElo "2273"]
[BlackElo "1990"]
[PlyCount "79"]
[EventDate "2025.02.17"]
[EventType "team-tourn"]
[EventCountry "CZE"]
[SourceTitle "playchess.com"]
[Source "ChessBase"]
[SourceQuality "1"]
[TimeControl "40/5400+30:1800+30"]

1. Nf3 Nf6 2. c4 c5 3. g3 Nc6 4. Bg2 d6 5. d4 cxd4 6. Nxd4 Bd7 7. Nc3 g6 8. Nc2 Bg7 9. O-O O-O 10. b3 Qc8 11. Re1 Bh3 12. Bb2 Bxg2 13. Kxg2 Ne4 14. Na4 Bxb2 15. Nxb2 Qf5 16. Nd3 Ng5 17. f3 e5 18. Nf2 Rad8 19. Ne3 Qd7 20. Qd2 f5 21. Nd5 Ne6 22. e3 Qf7 23. Rad1 f4 24. exf4 exf4 25. Ng4 Kh8 26. Rxe6 Qxe6 27. Qc3+ Ne5 28. gxf4 h5 29. Nf2 Kg8 30. fxe5 dxe5 31. Ne4 Kg7 32. Re1 Rfe8 33. h4 Qf5 34. Ng5 Kg8 35. Re4 Rd7 36. Qa5 b6 37. Qb5 Kg7 38. Qc6 Rdd8 39. Kg3 Rd7 40. Ne3 1-0